AoeStats
← Reis

African Clearing

505293276Analyzed
4v4 RM · 25d ago on Sep 8, 2026· 27m 24s· 8 players
Game mode
Random Map
Map size
Large (8 player)
Population
200
Speed
Normal
Resources
Standard
Victory
Conquest
Starting age
Dark Age
Ending age
Imperial Age
RankedLock teamsTeams togetherTeam positionsShared explorationLock speedFull tech treeHidden civsTurbo modeCheats
Victory
Defeat
🇲🇽 Japanese · Mexico
1458
+13
🇨🇭 Bulgarians · Switzerland
1417
+15
🇲🇽 Franks · Mexico
1368
+17
🇨🇱 Cumans · Chile
1350
+19
🇩🇪 Burmese · Germany
1416
-16
🇩🇪 Cumans · Germany
1415
-17
🇹🇷 Mongols · Türkiye
1389
-16
🇩🇪 Wei · Germany
1368
-15
Don Rats
4:18 Loom
14:39 Feudal Age
15:14 Double-Bit Axe
15:12 Horse Collar
17:01 Wheelbarrow
16:01 Man-at-Arms
23:19 Fletching
25:25 Stone Mining
XstyleKinjaz
9:50 Loom
14:01 Feudal Age
15:16 Town Watch
18:28 Castle Age
17:03 Double-Bit Axe
17:30 Horse Collar
17:43 Gold Mining
18:23 Stone Mining
19:05 Scale Barding Armor
20:08 Bow Saw
viddie
6:20 Loom
13:25 Feudal Age
18:05 Wheelbarrow
18:12 Scale Barding Armor
19:07 Padded Archer Armor
19:00 Fletching
21:59 Gold Mining
25:50 Castle Age
24:26 Forging
24:06 Horse Collar
25:28 Bloodlines
hirax34
4:43 Loom
13:32 Feudal Age
20:07 Castle Age
19:11 Double-Bit Axe
19:33 Stone Mining
19:57 Fletching
TheFireKnight
6:05 Loom
12:17 Feudal Age
13:38 Wheelbarrow
12:54 Town Watch
12:57 Double-Bit Axe
16:52 Horse Collar
Mauzic
10:52 Loom
12:46 Feudal Age
21:21 Castle Age
20:09 Scale Mail Armor
21:44 Double-Bit Axe
22:14 Fletching
22:37 Forging
23:27 Bow Saw
26:20 Wheelbarrow
26:15 Scale Barding Armor
27:25 Husbandry
28:13 Iron Casting
28:07 Chain Mail Armor
Reis
8:19 Loom
13:13 Feudal Age
18:15 Castle Age
17:02 Fletching
17:35 Double-Bit Axe
22:02 Bodkin Arrow
[Tumbis] The Fujur
4:21 Loom
13:14 Feudal Age
17:59 Bloodlines
25:59 Castle Age
25:42 Forging
25:37 Scale Barding Armor
26:15 Light Cavalry
27:21 Double-Bit Axe
27:18 Horse Collar
Connection lost

Rejoining the realm…

Still unreachable

The connection could not be restored.

Session expired

The server has moved on; the page needs a fresh start.